 Dungeon Crawl Stone Soup version 0.27.1-3-gb3d3a73c9e (webtiles) character file.

Game seed: 7087772565171881985

1174 Urokeeper the Covert (level 8, -1/60 HPs)
             Began as a Vampire Brigand on Oct 21, 2021.
             Succumbed to a killer bee's poison
             ... on level 6 of the Dungeon.
             The game lasted 00:16:37 (5582 turns).

Urokeeper the Covert (Vampire Brigand)              Turns: 5582, Time: 00:16:38

Health: -1/60      AC:  9    Str: 10    XL:     8   Next: 18%
Magic:  8/8        EV: 13    Int: 14    God:
Gold:   295        SH:  0    Dex: 17    Spells: 7/7 levels left

rFire    . . .     SeeInvis +   o - +0 spear (venom)
rCold    . . .     Faith    .   (no shield)
rNeg     . . .     Spirit   .   j - +0 leather armour
rPois    .         Reflect  .   (no helmet)
rElec    .         Harm     .   c - +0 cloak
rCorr    .         Rampage  .   (no gloves)
Will     .....                  D - +0 pair of boots
Stlth    ++++......             (no amulet)
HPRegen  0.40/turn              q - +4 ring of protection
MPRegen  0.11/turn              (no ring)

@: lethally poisoned (-1 -> -15), healing quickly
A: alive, fangs 3, see invisible, vampiric 2
a: Exsanguinate


You were on level 6 of the Dungeon.
You visited 1 branch of the dungeon, and saw 6 of its levels.

You collected 295 gold pieces.

Inventory:

Hand Weapons
 a - a +2 dagger
 f - a +1 dagger of draining
 g - a +3 rapier
 h - a +2 dagger of venom
 o - a +0 spear of venom (weapon)
 v - a +0 long sword
 w - a +0 rapier
Missiles
 d - 7 poisoned darts
 e - 2 curare-tipped darts (quivered)
Armour
 b - a +0 robe
 c - a +0 cloak (worn)
 j - a +0 leather armour (worn)
 D - a +0 pair of boots (worn)
Jewellery
 q - a +4 ring of protection (left hand)
Wands
 F - a wand of flame (21)
Scrolls
 i - 2 scrolls of blinking
 l - 3 scrolls of enchant weapon
 r - 2 scrolls of amnesia
 x - a scroll of teleportation
 y - a scroll of enchant armour
 E - a scroll of holy word
 I - a scroll of magic mapping
Potions
 k - a potion of resistance
 n - a potion of magic {unknown}
 p - a potion of heal wounds {unknown}
 s - a potion of berserk rage {unknown}
 t - a potion of haste {unknown}
 u - 2 potions of mutation {unknown}
 z - a potion of degeneration {unknown}
 A - 4 potions of might {unknown}
 B - 2 potions of curing
 C - a potion of flight {unknown}
 H - 2 potions of brilliance {unknown}


   Skills:
 + Level 4.2 Fighting
 - Level 3.6(4.3) Short Blades
 + Level 3.1(3.9) Long Blades
 + Level 3.9 Throwing
 + Level 4.6 Dodging
 + Level 9.0 Stealth


You had 7 spell levels left.
You didn't know any spells.
Your spell library contained the following spells:

 Spells                   Type           Power      Damage    Failure   Level
 Shock                    Conj/Air       0%         1d3       36%         1
 Summon Small Mammal      Summ           0%         N/A       36%         1
 Corpse Rot               Necr/Air       N/A        N/A       52%         2
 Poisonous Vapours        Pois/Air       0%         N/A       52%         2
 Call Canine Familiar     Summ           0%         N/A       75%         3
 Summon Guardian Golem    Hex/Summ       0%         N/A       75%         3
 Swiftness                Air            0%         N/A       75%         3
 Airstrike                Air            0%         N/A       98%         4
 Summon Lightning Spire   Summ/Air       0%         N/A       98%         4
 Freezing Cloud           Conj/Ice/Air   0%         6-21      100%        5
 Storm Form               Tmut/Air       0%         N/A       100%        7
 Maxwell's Capacitive Co  Air            0%         ∞         100%        8


Dungeon Overview and Level Annotations

Branches:
Dungeon (6/15)
 Temple: D:4-7

Altars:
Fedhas
Gozag
Kikubaaqudgha
Nemelex Xobeh
Ru
Vehumet
Zin

Annotations:
D:5 Menkaure


Innate Abilities, Weirdness & Mutations

Your natural rate of healing is accelerated.
You have razor-sharp teeth.
You have supernaturally acute eyesight. (SInv)
You are afflicted with vampirism and can become a bat while bloodless.


Message History

The killer bee stings you but does no damage.
Your orc misses the killer bee.
You feel sick.
Your orc dissolves into shadows!
Your orc completely misses the killer bee.
The killer bee stings you but does no damage.
You feel sick. The killer bee stings you.
You are more poisoned.
The killer bee poisons you!
Your hound misses the killer bee.
You feel very sick. The killer bee stings you.
You are more poisoned.
The killer bee poisons you!
Your hound misses the killer bee. Your orc misses the killer bee.
The killer bee closely misses you.
Your hound barely misses the killer bee.
You hit the killer bee.
The killer bee is poisoned.
Your bite misses the killer bee.
The killer bee is moderately wounded.
You feel very sick.
The killer bee stings you but does no damage.
The killer bee stings you.
Your orc barely misses the killer bee.
Your hound misses the killer bee. Your orc misses the killer bee.
The killer bee stings you but does no damage.
You miss the killer bee.
The killer bee is heavily wounded.
You feel very sick.
Your hound barely misses the killer bee.
The killer bee stings you but does no damage.
Your hound misses the killer bee. The killer bee stings you.
You are more poisoned.
The killer bee poisons you!
Your orc hits the killer bee but does no damage.
You feel very sick. The killer bee barely misses you.
The two-headed ogre barely misses you.
The two-headed ogre hits you with a +0 giant club!!
* * * LOW HITPOINT WARNING * * *
Your hound closely misses the killer bee.
The killer bee closely misses you.
Your orc closely misses the killer bee.
You swap places.
You die...

......................
#...........##........
#...##........ #........
..#.....#........ #........
..##...##...##..# ####..#..
..###.###..h.#... ........
##.##.##.###O#..########..#
###c#.#.###h.#...##....#..#
.####.####@y##.⌠..(.≈_.#..#
..♣.....o##.....≈...#...
.####.####..##..o..≈...#.##
###Z#.#.###.[...≈≈≈≈..##.##
##.##.##.###...≈≈≈≈≈≈.##..#
..###.###......≈≈≈≈≈...#..#
..##...##...#.....†..⌠.....
..#.....#...............##.
#...........#...........##.


You could see a two-headed ogre, a centaur (asleep), a hound, a killer bee
(poisoned, ally target), a water moccasin zombie, a friendly hound (summoned)
and a friendly orc (summoned).

Vanquished Creatures
  A yak (D:5)
  Edmund (D:6)
  A black bear (D:4)
  An ogre (D:4)
  A kobold brigand (D:4)
  A water moccasin skeleton (D:2)
  A bullfrog zombie (D:6)
  A centaur zombie (D:6)
  A hound (D:4)
  A jelly (D:4)
  An orc priest (D:4)
  A gnoll shaman (D:4)
  A bullfrog skeleton (D:3)
  Jessica (D:2)
  3 iguanas
  An orc wizard (D:4)
  A hound zombie (D:5)
  9 gnolls
  4 adders
  2 ufetubi
  An adder skeleton (D:4)
  2 worms (D:2)
  5 dart slugs
  7 orcs
  15 endoplasms
  12 giant cockroaches
  14 goblins
  8 hobgoblins
  8 jackals
  3 quokkas
  5 ball pythons
  A bat (D:1)
  3 frilled lizards
  7 kobolds
  7 rats
132 creatures vanquished.

Vanquished Creatures (others)
  A plant (D:2)
1 creature vanquished.

Grand Total: 133 creatures vanquished

Notes
Turn   | Place    | Note
-------+----------+-------------------------------------------
     0 | D:1      | Urokeeper the Vampire Brigand began the quest for the Orb.
     0 | D:1      | Reached XP level 1. HP: 16/16 MP: 1/1
   197 | D:1      | Reached skill level 6 in Stealth
   197 | D:1      | Reached XP level 2. HP: 22/22 MP: 2/2
   701 | D:1      | Gained mutation: You are afflicted with vampirism and can
                  | become a bat while bloodless. [Vampire growth]
   701 | D:1      | Reached XP level 3. HP: 27/27 MP: 3/3
  1069 | D:2      | Noticed Jessica
  1086 | D:2      | Killed Jessica
  1160 | D:2      | Reached XP level 4. HP: 18/34 MP: 4/4
  1319 | D:2      | Found a radiant altar of Vehumet.
  1566 | D:2      | Reached XP level 5. HP: 39/39 MP: 5/5
  2218 | D:3      | Reached skill level 7 in Stealth
  2409 | D:3      | Found a sacrificial altar of Ru.
  2593 | D:3      | Found an opulent altar of Gozag.
  2745 | D:4      | Reached XP level 6. HP: 33/47 MP: 6/6
  2888 | D:4      | Reached skill level 1 in Long Blades
  3114 | D:4      | Found a sparkling altar of Nemelex Xobeh.
  3492 | D:4      | Reached XP level 7. HP: 7/52 MP: 7/7
  3632 | D:4      | Found a blossoming altar of Fedhas.
  4275 | D:5      | Entered Level 5 of the Dungeon
  4276 | D:5      | Noticed Menkaure
  4452 | D:4      | Reached skill level 8 in Stealth
  4596 | D:5      | Noticed a yak
  4725 | D:5      | Killed a yak
  4771 | D:5      | Noticed a yak
  4771 | D:5      | Noticed a yak
  5236 | D:6      | Noticed Edmund
  5269 | D:6      | Killed Edmund
  5270 | D:6      | Reached XP level 8. HP: 29/60 MP: 8/8
  5503 | D:6      | Found an ancient bone altar of Kikubaaqudgha.
  5518 | D:6      | Reached skill level 9 in Stealth
  5564 | D:6      | Noticed a two-headed ogre
  5581 | D:6      | HP: 3/60 [two-headed ogre (20)]
  5582 | D:6      | Succumbed to a killer bee's poison

Illustrated notes

Levels and vault maps discovered:
D:1:      heliophobic_arrival_ceremonial_halls, layout_basic
D:2:      minmay_roachtagon, layout_basic, serial_forest,
          infiniplex_forest_zigzag_1, infiniplex_forest_clump_small,
          infiniplex_forest_lined_3, infiniplex_forest_straight_2,
          infiniplex_forest_lined_room_3, infiniplex_forest_straight_2,
          basic_altar, uniq_jessica
D:3:      layout_loops_ring, nicolae_ru_sacrificial_ziggurat, zin_statuary,
          lemuel_doored_altar
D:4:      kennysheep_the_goblin_king, layout_loops_ring, amcnicky_altar_gilded,
          mainiacjoe_overflow_paths, portal_sewer_entry_e, minmay_vboxes
D:5:      layout_cave_pools, minmay_temple_entry_statues_pillars, uniq_menkaure,
          uniq_ijyb
D:6:      layout_basic, mainiacjoe_overflow_alcove_4, kiku_gazebo_pond_becter,
          biasface_ghost_orc_armoury, kb_rosetta, uniq_edmund

Skill      XL: |  1  2  3  4  5  6  7  8 |
---------------+-------------------------+-----
Stealth        | 6 7 8 9 |  9.0
Fighting       | 2 3 4 |  4.2
Throwing       | 2 3 |  3.9
Dodging        | 2 3 4 |  4.6
Short Blades   | 3 |  3.6
Long Blades    | 1 3 |  3.1

Action                   |  1- 3 |  4- 6 |  7- 9 || total
-------------------------+-------+-------+-------++-------
Melee: Dagger            |    77 |    24 |       ||   101
       Bite              |     9 |    19 |    19 ||    47
       Spear             |       |   202 |   116 ||   318
Throw: Dart              |       |     4 |     8 ||    12
  Use: Scroll            |       |       |    11 ||    11
 Stab: Sleeping          |    12 |    13 |     3 ||    28
       Distracted        |       |       |     2 ||     2
Armor: Robe              |     4 |       |       ||     4
       Leather armour    |     4 |    54 |    71 ||   129
Dodge: Dodged            |    27 |   150 |   130 ||   307
